[Event "106th British-ch 2019"]
[Site "Torquay"]
[Date "2019.07.27"]
[Round "1.1"]
[White "Howell, David W L"]
[Black "Zapolskis, Antanas"]
[Result "1-0"]
[ECO "D02"]
[WhiteElo "2697"]
[BlackElo "2290"]
[Annotator "ChessBase"]
[PlyCount "77"]
[EventDate "2019.07.27"]
[EventType "swiss"]
[EventCountry "GBR"]
[SourceTitle "playchess.com"]
[Source "ChessBase"]
[SourceQuality "1"]
[TimeControl "40/5400+30:1800+30"]

1. d4 d5 2. Nf3 c6 3. Bf4 Nf6 4. e3 Bf5 5. c4 e6 6. Qb3 Qb6 7. c5 Qxb3 8. axb3 Bxb1 9. Rxb1 Nbd7 10. b4 a6 11. h3 Ne4 12. Bd3 Be7 13. Ke2 O-O 14. g4 f6 15. h4 e5 16. Bh2 f5 17. Nxe5 Nxe5 18. Bxe5 fxg4 19. Bxe4 dxe4 20. h5 a5 21. Rbg1 axb4 22. Rxg4 Bf6 23. Bxf6 Rxf6 24. Rxe4 Ra2 25. Rb1 Rf5 26. Re7 Rf7 27. Re8+ Rf8 28. Re7 Rf7 29. Re5 Kf8 30. f4 Rf6 31. Kd3 g6 32. h6 Rf5 33. Rxf5+ gxf5 34. Kc4 Ra8 35. Rg1 Re8 36. Rg5 Rxe3 37. Rxf5+ Kg8 38. Rg5+ Kh8 39. Re5 1-0

[Event "106th British-ch 2019"]
[Site "Torquay"]
[Date "2019.07.27"]
[Round "1.4"]
[White "Storey, Charles H"]
[Black "Gordon, Stephen J"]
[Result "1-0"]
[ECO "B95"]
[WhiteElo "2261"]
[BlackElo "2516"]
[Annotator "ChessBase"]
[PlyCount "59"]
[EventDate "2019.07.27"]
[EventType "swiss"]
[EventCountry "GBR"]
[SourceTitle "playchess.com"]
[Source "ChessBase"]
[SourceQuality "1"]
[TimeControl "40/5400+30:1800+30"]

1. e4 c5 2. Nf3 d6 3. d4 cxd4 4. Nxd4 Nf6 5. Nc3 a6 6. Bg5 e6 7. Qf3 Nbd7 8. Qg3 h6 9. Be3 b5 10. Bd3 Bb7 11. f3 b4 12. Nce2 Nc5 13. O-O h5 14. h3 h4 15. Qe1 e5 16. Nb3 Nxb3 17. axb3 d5 18. exd5 Nxd5 19. Bf2 Be7 20. Rd1 Qc7 21. Be4 Nb6 22. Bxb7 Qxb7 23. Nc1 Nd7 24. Nd3 Rh5 25. Qe2 Rf5 26. Rfe1 g5 27. Bd4 Bd6 28. f4 O-O-O 29. fxe5 Qd5 30. Qg4 1-0

[Event "106th British-ch 2019"]
[Site "Torquay"]
[Date "2019.07.27"]
[Round "1.5"]
[White "Tan, Justin Hy"]
[Black "Wall, Tim P"]
[Result "1-0"]
[ECO "B04"]
[WhiteElo "2513"]
[BlackElo "2246"]
[Annotator "ChessBase"]
[PlyCount "55"]
[EventDate "2019.07.27"]
[EventType "swiss"]
[EventCountry "GBR"]
[SourceTitle "playchess.com"]
[Source "ChessBase"]
[SourceQuality "1"]
[TimeControl "40/5400+30:1800+30"]

1. e4 Nf6 2. e5 Nd5 3. d4 d6 4. Nf3 dxe5 5. Nxe5 c6 6. Be2 Bf5 7. O-O Nd7 8. Nf3 e6 9. c4 N5f6 10. Nc3 Bd6 11. Nh4 O-O 12. Nxf5 exf5 13. Qc2 g6 14. h3 Re8 15. Bf3 Qc7 16. g3 Bb4 17. Bf4 Qa5 18. c5 Bxc3 19. bxc3 Ne4 20. c4 Ndf6 21. Rfd1 Rad8 22. Rd3 g5 23. Be3 Qc7 24. Rad1 h6 25. d5 g4 26. hxg4 fxg4 27. Bg2 Kg7 28. Bd4 1-0

[Event "106th British-ch 2019"]
[Site "Torquay"]
[Date "2019.07.27"]
[Round "1.6"]
[White "Toma, Katarzyna"]
[Black "Emms, John M"]
[Result "0-1"]
[ECO "B30"]
[WhiteElo "2229"]
[BlackElo "2481"]
[Annotator "ChessBase"]
[PlyCount "80"]
[EventDate "2019.07.27"]
[EventType "swiss"]
[EventCountry "GBR"]
[SourceTitle "playchess.com"]
[Source "ChessBase"]
[SourceQuality "1"]
[TimeControl "40/5400+30:1800+30"]

1. e4 c5 2. Nc3 Nc6 3. Bb5 Nd4 4. Bc4 Nf6 5. Nf3 d6 6. h3 a6 7. a4 e6 8. O-O Be7 9. d3 Nc6 10. d4 cxd4 11. Nxd4 O-O 12. Be3 Qc7 13. Qe2 Bd7 14. f4 Rac8 15. Nxc6 Bxc6 16. Bd3 d5 17. exd5 Nxd5 18. Nxd5 Bxd5 19. b3 Bf6 20. Rad1 Bc3 21. Qh5 f5 22. Qe2 Qc6 23. Rf2 Rfe8 24. Bd2 g6 25. Re1 Kf7 26. Qe3 Qc5 27. Bxc3 Qxe3 28. Rxe3 Rxc3 29. Rfe2 Rd8 30. Kf2 Rd6 31. g4 h6 32. gxf5 gxf5 33. Ke1 Bxb3 34. Bxa6 Rxe3 35. Rxe3 Bxa4 36. Bxb7 Bxc2 37. Bf3 Rd4 38. Rc3 Ba4 39. Kf2 Rxf4 40. Kg3 Rb4 0-1

[Event "106th British-ch 2019"]
[Site "Torquay"]
[Date "2019.07.27"]
[Round "1.8"]
[White "Villiers, Thomas"]
[Black "Fernandez, Daniel Howard"]
[Result "1/2-1/2"]
[ECO "A40"]
[WhiteElo "2218"]
[BlackElo "2466"]
[Annotator "ChessBase"]
[PlyCount "118"]
[EventDate "2019.07.27"]
[EventType "swiss"]
[EventCountry "GBR"]
[SourceTitle "playchess.com"]
[Source "ChessBase"]
[SourceQuality "1"]
[TimeControl "40/5400+30:1800+30"]

1. c4 b6 2. d4 e6 3. Nc3 f5 4. e4 fxe4 5. Qh5+ g6 6. Qe5 Nf6 7. Nd5 Kf7 8. Nxf6 Qxf6 9. Qxe4 Nc6 10. Nf3 Bb7 11. Bd2 Qf5 12. Bd3 Qxe4+ 13. Bxe4 Nd8 14. Ne5+ Ke8 15. Bxb7 Nxb7 16. h4 Bg7 17. h5 c5 18. hxg6 hxg6 19. Rxh8+ Bxh8 20. Bc3 d6 21. Nf3 Rc8 22. Rc1 Ke7 23. Ke2 cxd4 24. Bxd4 Na5 25. Bxh8 Rxh8 26. b3 Nc6 27. Rd1 Rh5 28. Nd4 Re5+ 29. Kf3 Nxd4+ 30. Rxd4 d5 31. cxd5 exd5 32. Rd3 Kd6 33. Re3 Rh5 34. Kf4 Rf5+ 35. Kg3 d4 36. Re8 Ra5 37. a4 Kc5 38. Rc8+ Kb4 39. Rc4+ Kxb3 40. Rxd4 Rxa4 41. Rd6 g5 42. Rg6 Rc4 43. Rxg5 a5 44. f4 a4 45. Rb5+ Rb4 46. Re5 a3 47. Re1 a2 48. f5 Ra4 49. f6 a1=Q 50. Rxa1 Rxa1 51. Kf4 Kc4 52. Ke5 Kc5 53. f7 Re1+ 54. Kf6 Rf1+ 55. Ke7 b5 56. g4 b4 57. g5 b3 58. g6 b2 59. g7 Rf6 1/2-1/2

[Event "106th British-ch 2019"]
[Site "Torquay"]
[Date "2019.07.27"]
[Round "1.9"]
[White "Arkell, Keith C"]
[Black "Player, Edmund C"]
[Result "1-0"]
[ECO "A29"]
[WhiteElo "2461"]
[BlackElo "2202"]
[Annotator "ChessBase"]
[PlyCount "53"]
[EventDate "2019.07.27"]
[EventType "swiss"]
[EventCountry "GBR"]
[SourceTitle "playchess.com"]
[Source "ChessBase"]
[SourceQuality "1"]
[TimeControl "40/5400+30:1800+30"]

1. c4 e5 2. Nc3 Nf6 3. g3 d5 4. cxd5 Nxd5 5. Bg2 Nb6 6. Nf3 Nc6 7. O-O Be6 8. a3 Be7 9. b4 f6 10. d3 O-O 11. Bb2 Qd7 12. Qc2 a5 13. b5 Nd4 14. Nxd4 exd4 15. Ne4 Qxb5 16. Bxd4 Bb3 17. Rfb1 Bxc2 18. Rxb5 Ba4 19. Rb2 Nd5 20. Nc5 Bc6 21. Nxb7 Rab8 22. Nxa5 Ba8 23. Rc2 Rb5 24. Nc6 Bxc6 25. Rxc6 Ra8 26. Bc5 Kf8 27. Bxd5 1-0

[Event "106th British-ch 2019"]
[Site "Torquay"]
[Date "2019.07.27"]
[Round "1.10"]
[White "Stoyanov, Viktor"]
[Black "Haria, Ravi"]
[Result "0-1"]
[ECO "A13"]
[WhiteElo "2198"]
[BlackElo "2430"]
[Annotator "NA"]
[PlyCount "76"]
[EventDate "2019.07.27"]
[EventType "swiss"]
[EventCountry "GBR"]
[SourceTitle "playchess.com"]
[Source "ChessBase"]
[SourceQuality "1"]
[TimeControl "40/5400+30:1800+30"]

1. c4 e6 2. g3 d5 3. Bg2 Nf6 4. Nf3 d4 5. e3 c5 6. O-O Nc6 7. exd4 cxd4 8. d3 Bd6 9. Bg5 h6 10. Bxf6 Qxf6 11. Nbd2 Qd8 12. Ne4 Be7 13. a3 a5 14. Re1 O-O 15. Rc1 Qc7 16. c5 Rd8 17. Nfd2 Ne5 18. Qe2 Nd7 19. c6 bxc6 20. Rxc6 Qb8 21. Rec1 Bb7 22. Rc7 Ra7 23. f4 Bxe4 24. Rxd7 Raxd7 25. Nxe4 Rc7 26. Rf1 Qb5 27. Bh3 g6 28. g4 Rdc8 29. f5 Rc2 30. Qf3 Qe5 31. Bg2 Rc1 32. fxg6 Rxf1+ 33. Bxf1 fxg6 34. Nd2 Rc2 35. Qa8+ Bf8 36. Qe4 Qxe4 37. Nxe4 Rxb2 38. a4 Be7 0-1

[Event "106th British-ch 2019"]
[Site "Torquay"]
[Date "2019.07.27"]
[Round "1.11"]
[White "Pert, Richard G"]
[Black "Crickmore, Neil Eg"]
[Result "1/2-1/2"]
[ECO "C06"]
[WhiteElo "2430"]
[BlackElo "2187"]
[Annotator "NA"]
[PlyCount "42"]
[EventDate "2019.07.27"]
[EventType "swiss"]
[EventCountry "GBR"]
[SourceTitle "playchess.com"]
[Source "ChessBase"]
[SourceQuality "1"]
[TimeControl "40/5400+30:1800+30"]

1. e4 e6 2. d4 d5 3. Nd2 Nf6 4. e5 Nfd7 5. Ngf3 c5 6. c3 Nc6 7. Bd3 cxd4 8. cxd4 Qb6 9. O-O a5 10. Re1 Be7 11. Nb1 Nxd4 12. Nxd4 Qxd4 13. Nc3 Qb6 14. Qg4 g6 15. Nb5 Nc5 16. Be3 Bd7 17. a4 Qd8 18. Bf1 O-O 19. Rac1 b6 20. Bh6 f5 21. Qf4 Bxb5 1/2-1/2

[Event "106th British-ch 2019"]
[Site "Torquay"]
[Date "2019.07.27"]
[Round "1.12"]
[White "Ogunshola, Olugbemiga (Ben)"]
[Black "Houska, Jovanka"]
[Result "1/2-1/2"]
[ECO "A13"]
[WhiteElo "2172"]
[BlackElo "2422"]
[Annotator "NA"]
[PlyCount "56"]
[EventDate "2019.07.27"]
[EventType "swiss"]
[EventCountry "GBR"]
[SourceTitle "playchess.com"]
[Source "ChessBase"]
[SourceQuality "1"]
[TimeControl "40/5400+30:1800+30"]

1. c4 e6 2. Nf3 d5 3. g3 dxc4 4. Qa4+ Bd7 5. Qxc4 c5 6. Bg2 Bc6 7. O-O Nf6 8. Nc3 Be7 9. Rd1 Nbd7 10. d4 Rc8 11. Ne5 Bxg2 12. Kxg2 O-O 13. Qa4 Nxe5 14. dxe5 Nd5 15. Qg4 Qc7 16. Nxd5 exd5 17. Rxd5 Rfd8 18. e4 Qc6 19. Qf3 Qe6 20. Bd2 Rxd5 21. exd5 Qxe5 22. Re1 Qf6 23. Qg4 Rd8 24. Bc3 Qg5 25. Qxg5 Bxg5 26. h4 Bf6 27. Bxf6 gxf6 28. Re7 b5 1/2-1/2

[Event "106th British-ch 2019"]
[Site "Torquay"]
[Date "2019.07.27"]
[Round "1.13"]
[White "Ward, Chris G"]
[Black "Ledger, Dave J"]
[Result "1-0"]
[ECO "A25"]
[WhiteElo "2418"]
[BlackElo "2168"]
[Annotator "NA RC"]
[PlyCount "59"]
[EventDate "2019.07.27"]
[EventType "swiss"]
[EventCountry "GBR"]
[SourceTitle "playchess.com"]
[Source "ChessBase"]
[SourceQuality "1"]
[TimeControl "40/5400+30:1800+30"]

1. c4 e5 2. g3 Nc6 3. Bg2 d6 4. Nc3 Be6 5. d3 Qd7 6. Rb1 f5 7. b4 Nf6 8. b5 Nd8 9. Bg5 Be7 10. e3 O-O 11. Nge2 h6 12. Bxf6 Bxf6 13. Nd5 c6 14. bxc6 bxc6 15. Nxf6+ Rxf6 16. Qb3 f4 17. gxf4 Bh3 18. Be4 Rc8 19. fxe5 dxe5 20. Rg1 Qf7 21. Qb2 Qh5 22. Nf4 exf4 23. Qxf6 Qa5+ 24. Ke2 Ne6 25. Rb7 f3+ 26. Bxf3 Qxa2+ 27. Qb2 Nd4+ 28. exd4 Re8+ 29. Be4 Rxe4+ 30. dxe4 1-0

[Event "106th British-ch 2019"]
[Site "Torquay"]
[Date "2019.07.27"]
[Round "1.14"]
[White "Rocco, Federico"]
[Black "Wadsworth, Matthew J"]
[Result "1-0"]
[ECO "B47"]
[WhiteElo "2157"]
[BlackElo "2418"]
[Annotator "NA"]
[PlyCount "119"]
[EventDate "2019.07.27"]
[EventType "swiss"]
[EventCountry "GBR"]
[SourceTitle "playchess.com"]
[Source "ChessBase"]
[SourceQuality "1"]
[TimeControl "40/5400+30:1800+30"]

1. e4 c5 2. Nf3 e6 3. d4 cxd4 4. Nxd4 Nc6 5. Nc3 Qc7 6. g3 a6 7. Bg2 Nf6 8. O-O Nxd4 9. Qxd4 Bc5 10. Bf4 d6 11. Qd2 h6 12. Rad1 e5 13. Be3 Bb4 14. a3 Bxc3 15. Qxc3 Qxc3 16. bxc3 Be6 17. Rxd6 Rc8 18. Rb1 Rxc3 19. Rxb7 O-O 20. Ra7 Ng4 21. Bd2 Rxa3 22. Bf1 Rc8 23. Bd3 Ra1+ 24. Kg2 Nf6 25. Rdxa6 Rd1 26. Bb4 Bc4 27. Rd6 Be6 28. Ra5 Rb8 29. c3 Ne8 30. Rxe6 fxe6 31. Bc4 Nf6 32. Rxe5 Re1 33. Bxe6+ Kh8 34. Bf5 Re2 35. Bc5 Rb5 36. Kf3 Rc2 37. Bd4 Rxe5 38. Bxe5 Kg8 39. Bd4 Rc1 40. e5 Ne8 41. Be6+ Kh8 42. Bf7 Nc7 43. e6 Re1 44. Be3 Nd5 45. c4 Ne7 46. h4 Kh7 47. Bd2 Re5 48. Bc3 Rf5+ 49. Ke3 Rc5 50. Kd3 Nc6 51. h5 Kh8 52. f4 Kh7 53. g4 Kh8 54. g5 Kh7 55. Bg6+ Kg8 56. gxh6 gxh6 57. f5 Kf8 58. f6 Rg5 59. e7+ Nxe7 60. Bb4 1-0

[Event "106th British-ch 2019"]
[Site "Torquay"]
[Date "2019.07.27"]
[Round "1.15"]
[White "Taylor, Adam C"]
[Black "Smith, Andrew Philip"]
[Result "0-1"]
[ECO "A09"]
[WhiteElo "2402"]
[BlackElo "2147"]
[Annotator "NA"]
[PlyCount "80"]
[EventDate "2019.07.27"]
[EventType "swiss"]
[EventCountry "GBR"]
[SourceTitle "playchess.com"]
[Source "ChessBase"]
[SourceQuality "1"]
[TimeControl "40/5400+30:1800+30"]

1. Nf3 c5 2. c4 Nf6 3. g3 d5 4. Bg2 d4 5. b4 g6 6. O-O Bg7 7. d3 cxb4 8. a3 bxa3 9. Qa4+ Bd7 10. Qxa3 Nc6 11. Bb2 Bf5 12. Nbd2 O-O 13. Rfb1 e5 14. Ng5 Re8 15. Nge4 Nxe4 16. Nxe4 Bf8 17. Qb3 Rb8 18. Ba3 Na5 19. Qb5 Bxe4 20. Bxe4 Bxa3 21. Rxa3 b6 22. c5 Nb7 23. c6 Nd6 24. Qd5 Nxe4 25. dxe4 Qc7 26. e3 Rbd8 27. Qb5 Re6 28. Rc1 Rdd6 29. Kg2 Rxc6 30. Rxa7 Qxa7 31. Rxc6 Rxc6 32. Qxc6 Qa5 33. exd4 exd4 34. Qf6 Qc5 35. g4 b5 36. g5 Qc8 37. h3 Qd7 38. Qb6 h6 39. f4 hxg5 40. fxg5 d3 0-1

[Event "106th British-ch 2019"]
[Site "Torquay"]
[Date "2019.07.27"]
[Round "1.17"]
[White "Palliser, Richard Jd"]
[Black "Hand, Freddie"]
[Result "1-0"]
[ECO "D26"]
[WhiteElo "2399"]
[BlackElo "2142"]
[Annotator "NA"]
[PlyCount "45"]
[EventDate "2019.07.27"]
[EventType "swiss"]
[EventCountry "GBR"]
[SourceTitle "playchess.com"]
[Source "ChessBase"]
[SourceQuality "1"]
[TimeControl "40/5400+30:1800+30"]

1. d4 d5 2. c4 dxc4 3. Nf3 Nf6 4. e3 e6 5. Bxc4 a6 6. O-O b5 7. Bd3 Bb7 8. a4 b4 9. Nbd2 c5 10. e4 Nc6 11. e5 Nd7 12. Nc4 Nxd4 13. Ng5 Bd5 14. Bf4 Bxc4 15. Bxc4 Nxe5 16. Bxe5 Qxg5 17. Bxd4 cxd4 18. Qf3 Rd8 19. Qc6+ Ke7 20. f4 Qf5 21. Qxa6 Kf6 22. Bd3 Qxd3 23. Qxd3 1-0

[Event "106th British-ch 2019"]
[Site "Torquay"]
[Date "2019.07.27"]
[Round "1.18"]
[White "Jones, Steven A"]
[Black "D'costa, Lorin Ar"]
[Result "0-1"]
[ECO "A46"]
[WhiteElo "2117"]
[BlackElo "2396"]
[Annotator "NA"]
[PlyCount "80"]
[EventDate "2019.07.27"]
[EventType "swiss"]
[EventCountry "GBR"]
[SourceTitle "playchess.com"]
[Source "ChessBase"]
[SourceQuality "1"]
[TimeControl "40/5400+30:1800+30"]

1. d4 Nf6 2. Nf3 e6 3. g3 b5 4. Bg2 Bb7 5. O-O c5 6. Bg5 Be7 7. dxc5 Bxc5 8. c3 a6 9. a4 b4 10. cxb4 Bxb4 11. Nbd2 O-O 12. Nc4 d5 13. Qb3 a5 14. Nce5 Ba6 15. Nd4 Qb6 16. Rfd1 Nfd7 17. Nxd7 Nxd7 18. Be3 Qb7 19. Qa2 Rac8 20. Rac1 Ne5 21. b3 Ng4 22. Bd2 Bc5 23. e3 Qb6 24. h3 Ne5 25. Bf1 Bxf1 26. Kxf1 Nd3 27. Rb1 Bxd4 28. exd4 Qxd4 29. Bxa5 e5 30. Bb6 Qe4 31. Kg1 Qf5 32. a5 e4 33. b4 Rc6 34. Be3 Rfc8 35. g4 Qe5 36. Qa1 Rc3 37. Bd2 Nxf2 38. Bxc3 Qg3+ 39. Kf1 Qf3 40. Qb2 Nxd1+ 0-1

[Event "106th British-ch 2019"]
[Site "Torquay"]
[Date "2019.07.27"]
[Round "1.19"]
[White "Pigott, John C"]
[Black "Krzyzanowski, Patryk"]
[Result "1-0"]
[ECO "B36"]
[WhiteElo "2384"]
[BlackElo "2114"]
[Annotator "NA"]
[PlyCount "93"]
[EventDate "2019.07.27"]
[EventType "swiss"]
[EventCountry "GBR"]
[SourceTitle "playchess.com"]
[Source "ChessBase"]
[SourceQuality "1"]
[TimeControl "40/5400+30:1800+30"]

1. e4 c5 2. Nf3 g6 3. c4 Nc6 4. d4 cxd4 5. Nxd4 Nf6 6. Nc3 d6 7. f3 Nxd4 8. Qxd4 Bg7 9. Be3 Be6 10. Qd2 Rc8 11. b3 b5 12. e5 Nd7 13. Nxb5 Nxe5 14. Rd1 a6 15. Nd4 Bd7 16. Be2 O-O 17. O-O a5 18. Kh1 a4 19. f4 Nc6 20. b4 Nxd4 21. Bxd4 Bxd4 22. Qxd4 Bc6 23. a3 Qc7 24. Rfe1 Rfd8 25. Bf1 Bb7 26. Rc1 Rd7 27. Rc3 Qd8 28. Rce3 Ba6 29. f5 g5 30. h4 h6 31. Qg4 f6 32. b5 Bb7 33. Qh5 e5 34. fxe6 Rg7 35. e7 Qe8 36. Qxh6 f5 37. Qe6+ Kh8 38. Qh6+ Kg8 39. Qxd6 Be4 40. Rxe4 fxe4 41. Rxe4 Qf7 42. Qd8+ Kh7 43. Bd3 Rg8 44. Rf4+ Kh8 45. Rxf7 Rgxd8 46. exd8=Q+ Rxd8 47. Be4 1-0

[Event "106th British-ch 2019"]
[Site "Torquay"]
[Date "2019.07.27"]
[Round "1.20"]
[White "Modi, Shyam Jagdish"]
[Black "Lane, Gary W"]
[Result "0-1"]
[ECO "E07"]
[WhiteElo "2098"]
[BlackElo "2364"]
[Annotator "NA"]
[PlyCount "60"]
[EventDate "2019.07.27"]
[EventType "swiss"]
[EventCountry "GBR"]
[SourceTitle "playchess.com"]
[Source "ChessBase"]
[SourceQuality "1"]
[TimeControl "40/5400+30:1800+30"]

1. d4 d5 2. c4 c6 3. Nf3 Nf6 4. Qb3 e6 5. g3 Nbd7 6. Bg2 Be7 7. O-O O-O 8. Nc3 a5 9. Nd2 a4 10. Qc2 b5 11. cxb5 cxb5 12. a3 Ba6 13. Nf3 Rc8 14. Bg5 Ne4 15. Bxe7 Qxe7 16. Rfc1 Nb6 17. Ne5 f5 18. Nd3 Nc4 19. Bxe4 fxe4 20. Nc5 Rxc5 21. dxc5 Qxc5 22. Nd1 Qe7 23. b3 axb3 24. Qxb3 Qg5 25. Ne3 Qf6 26. Nd1 e3 27. f3 d4 28. a4 Nd2 29. Qd3 Bb7 30. f4 b4 0-1

[Event "106th British-ch 2019"]
[Site "Torquay"]
[Date "2019.07.27"]
[Round "1.22"]
[White "Brewer, Callum D"]
[Black "Willow, Jonah B"]
[Result "1/2-1/2"]
[ECO "B22"]
[WhiteElo "2086"]
[BlackElo "2343"]
[Annotator "NA"]
[PlyCount "111"]
[EventDate "2019.07.27"]
[EventType "swiss"]
[EventCountry "GBR"]
[SourceTitle "playchess.com"]
[Source "ChessBase"]
[SourceQuality "1"]
[TimeControl "40/5400+30:1800+30"]

1. e4 c5 2. Nf3 e6 3. c3 d5 4. exd5 Qxd5 5. d4 Nf6 6. Be3 cxd4 7. cxd4 Bb4+ 8. Nc3 Qa5 9. Qb3 b6 10. Be2 Bb7 11. O-O Bxc3 12. bxc3 Nbd7 13. c4 O-O 14. Rac1 Rac8 15. Nd2 Qf5 16. Bf3 Bxf3 17. Nxf3 Rc7 18. h3 Rfc8 19. Rfd1 Ne4 20. Qb4 a5 21. Qb3 b5 22. c5 b4 23. a3 Nc3 24. Rd2 Nd5 25. Rdc2 Ra8 26. axb4 Nxb4 27. Rc4 Nd5 28. Ra4 Nb4 29. Rca1 Nc6 30. Bd2 e5 31. Bxa5 Rcc8 32. Bc3 Rab8 33. Qc4 exd4 34. Nxd4 Qxc5 35. Qxc5 Nxc5 36. Nxc6 Nxa4 37. Ne7+ Kf8 38. Nxc8 Nxc3 39. Nd6 Rd8 40. Nf5 g6 41. Ne3 Rd2 42. Nc4 Rd4 43. Ne3 Ne4 44. f3 Nc3 45. Kh2 Rd2 46. Rc1 Nb5 47. Rc2 Rd3 48. Nc4 Nd4 49. Ra2 Rc3 50. Nd6 Rc6 51. Ne4 f5 52. Nf2 g5 53. Kg3 h5 54. h4 g4 55. fxg4 fxg4 56. Kf4 1/2-1/2

[Event "106th British-ch 2019"]
[Site "Torquay"]
[Date "2019.07.27"]
[Round "1.24"]
[White "Starley, Robert"]
[Black "Bradbury, Neil H"]
[Result "1/2-1/2"]
[ECO "B49"]
[WhiteElo "2058"]
[BlackElo "2322"]
[Annotator "NA"]
[PlyCount "97"]
[EventDate "2019.07.27"]
[EventType "swiss"]
[EventCountry "GBR"]
[SourceTitle "playchess.com"]
[Source "ChessBase"]
[SourceQuality "1"]
[TimeControl "40/5400+30:1800+30"]

1. e4 c5 2. Nf3 e6 3. d4 cxd4 4. Nxd4 Nc6 5. Nc3 Qc7 6. Be3 a6 7. Be2 Nf6 8. O-O Bb4 9. Na4 Be7 10. Nxc6 bxc6 11. Nb6 Rb8 12. Nxc8 Qxc8 13. e5 Nd5 14. Bc1 Bc5 15. c4 Ne7 16. b3 Qc7 17. Bb2 O-O 18. Bd3 Ng6 19. Re1 a5 20. Bc2 a4 21. Qf3 axb3 22. axb3 Ra8 23. Qg3 Qb6 24. Red1 Rxa1 25. Rxa1 Bd4 26. Bc3 Bxc3 27. Qxc3 Qb8 28. Ra5 Qc7 29. g3 Rb8 30. h4 Nf8 31. b4 Qb7 32. b5 cxb5 33. Rxb5 Qc7 34. Rxb8 Qxb8 35. Qd4 Qb4 36. Bd3 h6 37. Kg2 Qa4 38. Qf4 Qb4 39. Be2 Ng6 40. Qd4 Nf8 41. Bf3 Qa4 42. Be4 g6 43. Bd3 h5 44. g4 hxg4 45. Qxg4 Qa1 46. Qe4 Qc3 47. Be2 Nh7 48. Bd3 Nf8 49. Be2 1/2-1/2

[Event "106th British-ch 2019"]
[Site "Torquay"]
[Date "2019.07.27"]
[Round "1.26"]
[White "Jaufarally, Nadia"]
[Black "Derakhshani, Borna"]
[Result "0-1"]
[ECO "B19"]
[WhiteElo "1944"]
[BlackElo "2300"]
[Annotator "NA"]
[PlyCount "64"]
[EventDate "2019.07.27"]
[EventType "swiss"]
[EventCountry "GBR"]
[SourceTitle "playchess.com"]
[Source "ChessBase"]
[SourceQuality "1"]
[TimeControl "40/5400+30:1800+30"]

1. e4 c6 2. d4 d5 3. Nd2 dxe4 4. Nxe4 Bf5 5. Ng3 Bg6 6. h4 h6 7. Nf3 Nd7 8. h5 Bh7 9. Bd3 Bxd3 10. Qxd3 e6 11. Bd2 Ngf6 12. O-O-O Be7 13. Kb1 Qb6 14. Nh4 O-O-O 15. Rhe1 Rhe8 16. Nf3 Bd6 17. Ne4 Nxe4 18. Qxe4 Nf6 19. Qe2 Ba3 20. Bc1 Bb4 21. Bd2 Bxd2 22. Rxd2 Nd5 23. Ka1 Qa5 24. c4 Nf4 25. Qd1 Qxh5 26. Re5 f5 27. g3 Ng6 28. Ra5 Kb8 29. a3 Qg4 30. Rd3 Re7 31. Qa4 b6 32. Qxc6 Qe4 0-1

[Event "106th British-ch 2019"]
[Site "Torquay"]
[Date "2019.07.27"]
[Round "1.27"]
[White "Claridge-Hansen, William"]
[Black "Khan, Tito"]
[Result "1-0"]
[ECO "A26"]
[WhiteElo "2297"]
[BlackElo "1921"]
[Annotator "NA"]
[PlyCount "67"]
[EventDate "2019.07.27"]
[EventType "swiss"]
[EventCountry "GBR"]
[SourceTitle "playchess.com"]
[Source "ChessBase"]
[SourceQuality "1"]
[TimeControl "40/5400+30:1800+30"]

1. c4 f5 2. g3 Nf6 3. Bg2 g6 4. Nc3 Bg7 5. d3 O-O 6. e4 d6 7. Nge2 Nc6 8. O-O e5 9. Nd5 Nh5 10. exf5 Bxf5 11. h3 Be6 12. g4 Nf6 13. f4 Qd7 14. Ng3 exf4 15. Bxf4 Nd4 16. Qd2 c6 17. Nc3 d5 18. c5 Rae8 19. Bd6 Rf7 20. Rae1 Bf8 21. Bxf8 Rexf8 22. Qe3 Nc2 23. Qxe6 Nxe1 24. Qxe1 Nxg4 25. Rxf7 Rxf7 26. hxg4 Qxg4 27. Qe8+ Rf8 28. Qe5 Qb4 29. Nxd5 Qxc5+ 30. Kh2 Qc1 31. Ne7+ Kf7 32. Ne4 Qh6+ 33. Bh3 g5 34. Nd6+ 1-0

[Event "106th British-ch 2019"]
[Site "Torquay"]
[Date "2019.07.28"]
[Round "2.3"]
[White "D'costa, Lorin Ar"]
[Black "Pert, Nicholas"]
[Result "1/2-1/2"]
[ECO "D23"]
[WhiteElo "2396"]
[BlackElo "2563"]
[Annotator "ChessBase"]
[PlyCount "57"]
[EventDate "2019.07.27"]
[EventType "swiss"]
[EventCountry "GBR"]
[SourceTitle "playchess.com"]
[Source "ChessBase"]
[SourceQuality "1"]
[TimeControl "40/5400+30:1800+30"]

1. d4 d5 2. Nf3 Nf6 3. c4 c6 4. Qb3 dxc4 5. Qxc4 Bf5 6. g3 e6 7. Bg2 Nbd7 8. O-O Be7 9. e3 O-O 10. Qe2 Ne4 11. Rd1 Qc7 12. Ne1 Bg6 13. Nd3 f5 14. Nd2 Nef6 15. Nf3 Bd6 16. b3 e5 17. dxe5 Nxe5 18. Ndxe5 Bxe5 19. Nxe5 Qxe5 20. Bb2 Qe6 21. Bxf6 Qxf6 22. b4 a6 23. Rac1 Rad8 24. a4 Bf7 25. Qc2 h6 26. Bf3 Rd6 27. Rxd6 Qxd6 28. Qc3 Qe6 29. Qd4 1/2-1/2

[Event "106th British-ch 2019"]
[Site "Torquay"]
[Date "2019.07.28"]
[Round "2.4"]
[White "Lane, Gary W"]
[Black "Tan, Justin Hy"]
[Result "1/2-1/2"]
[ECO "B07"]
[WhiteElo "2364"]
[BlackElo "2513"]
[Annotator "ChessBase"]
[PlyCount "40"]
[EventDate "2019.07.27"]
[EventType "swiss"]
[EventCountry "GBR"]
[SourceTitle "playchess.com"]
[Source "ChessBase"]
[SourceQuality "1"]
[TimeControl "40/5400+30:1800+30"]

1. e4 d6 2. d4 Nf6 3. Nc3 g6 4. Be3 a6 5. f4 b5 6. a3 Bb7 7. Bd3 Nbd7 8. Nf3 e6 9. e5 Nd5 10. Nxd5 Bxd5 11. O-O c5 12. c3 Qb6 13. dxc5 dxc5 14. Qc2 Qb7 15. c4 Bc6 16. Ng5 bxc4 17. Bxc4 Nb6 18. Ba2 c4 19. Qf2 Nd5 20. Ne4 O-O-O 1/2-1/2

[Event "106th British-ch 2019"]
[Site "Torquay"]
[Date "2019.07.28"]
[Round "2.5"]
[White "Emms, John M"]
[Black "Bates, Richard A"]
[Result "1/2-1/2"]
[ECO "B22"]
[WhiteElo "2481"]
[BlackElo "2352"]
[Annotator "ChessBase"]
[PlyCount "39"]
[EventDate "2019.07.27"]
[EventType "swiss"]
[EventCountry "GBR"]
[SourceTitle "playchess.com"]
[Source "ChessBase"]
[SourceQuality "1"]
[TimeControl "40/5400+30:1800+30"]

1. e4 c5 2. c3 e6 3. Nf3 d5 4. exd5 exd5 5. d4 Nf6 6. Bg5 Be7 7. Bb5+ Bd7 8. Bxd7+ Nbxd7 9. O-O O-O 10. Nbd2 Re8 11. Re1 Qb6 12. Qc2 Bf8 13. dxc5 Nxc5 14. Be3 Ng4 15. Bd4 Qg6 16. Qxg6 hxg6 17. h3 Nf6 18. Rxe8 Rxe8 19. Re1 a6 20. Rxe8 1/2-1/2